 Dungeon Crawl Stone Soup version 0.29.1-2-gbd0b4ee654 (webtiles) character file.

Game seed: 9368278948395709946

7009 Avanven the Martial Artist (level 11, -10/91 HPs)
             Began as a Djinni Transmuter on Nov 8, 2022.
             Was an Initiate of Wu Jian.
             Mangled by a komodo dragon (29 damage)
             ... on level 2 of the Lair of Beasts.
             The game lasted 00:32:13 (12642 turns).

Avanven the Martial Artist (Djinni Transmuter)     Turns: 12642, Time: 00:32:14

Health: -10/91     AC:  9    Str: 11    XL:     11   Next: 29%
Gold:   561        EV: 11    Int: 17    God:    Wu Jian [......] SH:  0 Dex: 14

rFire   x . .      SeeInvis .     - Unarmed
rCold   + + +      Faith    +   (shield currently unavailable)
rNeg    . . .      Spirit   .   (body armour currently unavailable)
rPois   ∞          Reflect  .   (helmet currently unavailable)
rElec   .          Harm     .   (cloak currently unavailable)
rCorr   .          Rampage  .   (gloves currently unavailable)
Will    +....                   (boots unavailable)
Stlth   +.........              v - amulet of faith
HPRegen 0.25/turn               o - ring of wizardry
MPRegen 0.00/turn               r - ring of protection from cold

@: about to teleport, ice-form, flying
A: freezing attack, flying, boosted hp, sickness immunity, large, (fire
resistance 2), (cold vulnerability 1), float, innate caster, HP casting, extra
vitality 1
a: End Transformation, Renounce Religion


You were on level 2 of the Lair of Beasts.
You worshipped Wu Jian.
Wu Jian was noncommittal.
You were a creature of crystalline ice.
You visited 3 branches of the dungeon, and saw 11 of its levels.

You collected 616 gold pieces.
You spent 55 gold pieces at shops.

Inventory:

Missiles
 e - a throwing net
Armour
 f - a +0 helmet (melded)
 j - +2 swamp dragon scales (melded)
 l - a +0 cloak (melded)
Jewellery
 o - a ring of wizardry (left front paw)
 r - a ring of protection from cold (right front paw)
 u - a ring of ice
 v - an amulet of faith (around neck)
Wands
 d - a wand of paralysis (5)
 i - a wand of mindburst (36)
 k - a wand of roots (5)
 t - a wand of digging (2)
Scrolls
 h - a scroll of teleportation
 p - 4 scrolls of magic mapping
 q - a scroll of poison
Potions
 a - a potion of experience {unknown}
 b - 2 potions of might
 c - a potion of curing
 g - 2 potions of brilliance
 m - a potion of heal wounds
 n - a potion of attraction {unknown}
 s - a potion of haste
 w - a potion of invisibility
 x - a potion of berserk rage


   Skills:
 - Level 5.3 Fighting
 + Level 4.9 Dodging
 + Level 11.7 Unarmed Combat
 + Level 8.1 Spellcasting


You had 3 spell levels left.
You knew the following spells:

 Your Spells              Type           Power      Damage    Failure   Level
a - Beastly Appendage     Tmut           68%        N/A       1%          1
b - Wereblood             Tmut           34%        N/A       1%          2
c - Spider Form           Tmut/Pois      34%        N/A       1%          3
d - Ice Form              Ice/Tmut       34%        N/A       1%          4
e - Slow                  Hex            100%       N/A       1%          1
f - Searing Ray           Conj           68%        2d6       1%          2
g - Gell's Gravitas       Tloc           34%        N/A       1%          3
h - Frozen Ramparts       Ice            68%        1d11      1%          3
i - Animate Armour        Summ/Erth      68%        N/A       1%          4
Your spell library was empty.

Dungeon Overview and Level Annotations

Branches:
Dungeon (8/15)             Temple (1/1) D:6            Lair (2/5) D:8
  Swamp: Lair:2-3    Shoals: Lair:2-3     Snake: Lair:2-3    Spider: Lair:2-3

Altars:
Ashenzari
Cheibriados
Elyvilon
Gozag
Hepliaklqana
Okawaru
Qazlal
Trog
Uskayaw
Wu Jian
Xom
Yredelemnul
Zin
The Shining One

Shops:
D:4 !

Annotations:
D:5 Menkaure
Temple 2 transporters


Innate Abilities, Weirdness & Mutations

You are a creature of crystalline ice.
You have a powerful freezing melee attack.
You are flying.
Your maximum health is increased.
Your armour is entirely melded.
You are incapable of wielding weapons or throwing items.
You are immune to sickness and miasma.
You are immune to poison.
((Your flesh is very heat resistant. (rF++)))
((You are vulnerable to cold. (rC-)))
You float through the air rather than walking.
You learn spells naturally, not from books.
Your magical power is your life essence.
You have superior vitality. (+4 MHP)


Message History

You lunge at the cane toad.
You pummel the cane toad!!
The cane toad seems to slow down.
You freeze the cane toad!
The cane toad is almost dead.
You punch the cane toad!
The cane toad seems to slow down.
You freeze the cane toad.
You feel a bit better.
You kill the cane toad!
The Council accepts your kill.
You howl as the wereblood boils in your veins!
No target in view!
You howl as the wereblood boils in your veins!
Your primal bloodlust is almost over.
Your transformation is almost over.
Your primal bloodlust has ended.
You warm up again.
Your +0 cloak unmelds from your body.
Your +0 helmet unmelds from your body.
Your +2 swamp dragon scales unmelds from your body.
A komodo dragon and a swamp worm come into view.
The swamp worm fires a harpoon shot at you.
The harpoon shot hits you!!
You are yanked forward by the harpoon shot.
A swamp worm comes into view.
Casting: Wereblood (safe; 1% risk of failure)
Confirm with . or Enter, or press ? or * to list all spells.
You turn into a creature of crystalline ice.
Your +0 cloak melds into your body.
Your +0 helmet melds into your body.
Your +2 swamp dragon scales melds into your body.
The swamp worm bites you. The swamp worm bites you!
Unknown command.
As you read the scroll of teleportation, it crumbles to dust.
You feel strangely unstable. The komodo dragon bites you!!
* * * LOW HITPOINT WARNING * * *
The swamp worm bites you.
* * * LOW HITPOINT WARNING * * *
Unknown command.
You feel much better. The swamp worm bites you!
* * * LOW HITPOINT WARNING * * *
The swamp worm bites you!
* * * LOW HITPOINT WARNING * * *
The komodo dragon bites you!!
You die...

#.#.~~.~.##:P...+#..
##.~≈~..~#........ .
#..≈~.............
#~~~~..~.........#
##..≈~...#......♣
#...~≈~...P..#♣♣♣♣
.#..~~.........♣.♣♣
.#..~~~~.........≈♣.♣♣
...~~≈.......#..Yl~..♣
.....~~.~...###♣ww≈...♣
...~~~.....## ♣~~~~..♣
....≈≈~....####♣~~~~♣.♣
....≈≈.........♣~≈~≈♣
§.
####≈≈###.#.###♣≈≈≈≈♣ .
# #≈≈# ##### ♣≈≈≈♣♣ ##
♣♣♣♣♣


You could see a komodo dragon and 2 swamp worms.

Vanquished Creatures
  2 hydras (Lair:2)
  A deep elf zephyrmancer (D:6)
  A cane toad (Lair:2)
  2 rime drakes
  Maggie (D:6)
  2 komodo dragons
  7 yaks
  5 water moccasins
  3 black bears
  3 wolves (Lair:1)
  2 ogres
  5 phantoms
  A necrophage (D:6)
  A bullfrog (D:7)
  A water moccasin skeleton (D:5)
  4 howler monkeys
  3 centaur zombies (D:5)
  5 hounds
  A bullfrog zombie (D:5)
  2 jellies (D:6)
  A gnoll bouda (D:5)
  Ijyb (D:3)
  4 iguanas
  2 orc wizards
  A killer bee zombie (D:5)
  A hound skeleton (D:5)
  8 gnolls
  7 adders
  2 shadow imps
  A white imp (D:5)
  An ufetubus (D:6)
  An adder zombie (D:5)
  3 worms
  A dart slug (D:4)
  22 orcs
  5 endoplasms
  A giant cockroach (D:1)
  10 hobgoblins
  4 jackals (D:4)
  6 quokkas
  12 ball pythons
  3 bats
  3 frilled lizards
  6 goblins
  7 kobolds
  7 rats
172 creatures vanquished.

Vanquished Creatures (others)
  5 fungi (Lair:2)
  A plant (Lair:2)
  6 toadstools (D:2)
  2 withered plants (D:5)
14 creatures vanquished.

Grand Total: 186 creatures vanquished

Notes
Turn   | Place    | Note
-------+----------+-------------------------------------------
     0 | D:1      | Avanven the Djinni Transmuter began the quest for the Orb.
     0 | D:1      | Avanven set off with the following spells memorised:
                  | Beastly Appendage, Wereblood, Spider Form, Ice Form.
     0 | D:1      | Reached XP level 1. HP: 17/17 MP: 0/0
   288 | D:1      | Reached XP level 2. HP: 21/22 MP: 0/0
   749 | D:1      | Found a faded altar of an unknown god.
   887 | D:1      | You are sucked into a shaft and drop 1 floor!
  1124 | D:1      | Reached XP level 3. HP: 21/27 MP: 0/0
  1124 | D:1      | Learned a level 1 spell: Slow
  2665 | D:3      | Reached XP level 4. HP: 26/32 MP: 0/0
  3114 | D:3      | Noticed Ijyb
  3130 | D:3      | Killed Ijyb
  3131 | D:3      | Reached XP level 5. HP: 17/37 MP: 0/0
  3131 | D:3      | Learned a level 2 spell: Searing Ray
  3562 | D:3      | Identified the +2 ring mail "Qesofat" {rN+ Int+4 Dex+2}
  4945 | D:4      | Found Kaubeos's Distillery.
  4952 | D:4      | Bought a potion of heal wounds for 55 gold pieces
  5292 | D:4      | Noticed a black bear
  5296 | D:4      | Noticed a phantom
  5300 | D:4      | Reached XP level 6. HP: 42/42 MP: 0/0
  5303 | D:4      | Killed a black bear
  5304 | D:4      | Reached skill level 4 in Unarmed Combat
  5315 | D:4      | Reached skill level 5 in Unarmed Combat
  5315 | D:4      | Reached XP level 7. HP: 41/47 MP: 0/0
  5315 | D:4      | Learned a level 3 spell: Gell's Gravitas
  5628 | D:5      | Entered Level 5 of the Dungeon
  5930 | D:5      | Reached skill level 6 in Unarmed Combat
  6186 | D:5      | Found a stormy altar of Qazlal.
  6199 | D:5      | Reached XP level 8. HP: 52/52 MP: 0/0
  6210 | D:5      | Reached skill level 5 in Spellcasting
  7001 | D:5      | Reached skill level 7 in Unarmed Combat
  7164 | D:5      | Noticed Menkaure
  7570 | D:6      | Reached XP level 9. HP: 57/57 MP: 0/0
  7570 | D:6      | Learned a level 3 spell: Frozen Ramparts
  7724 | D:6      | Reached skill level 8 in Unarmed Combat
  7730 | D:6      | Found a staircase to the Ecumenical Temple.
  7834 | Temple   | Entered the Ecumenical Temple
  7834 | Temple   | Found a transporter.
  7834 | Temple   | Found a transporter.
  7836 | Temple   | Found a transporter.
  7836 | Temple   | Found a transporter.
  8016 | Temple   | Became a worshipper of the Wu Jian Council
  8058 | D:6      | Noticed Maggie
  8232 | D:6      | Noticed a deep elf zephyrmancer
  8247 | D:6      | Killed a deep elf zephyrmancer
  8534 | D:6      | Killed Maggie
  8535 | D:6      | Reached skill level 9 in Unarmed Combat
  9934 | D:7      | Found a glowing golden altar of the Shining One.
  9936 | D:7      | Noticed an angel
  9941 | D:7      | Found a basalt altar of Yredelemnul.
  9943 | D:7      | Noticed a profane servitor
 10205 | D:8      | Found a staircase to the Lair.
 10210 | Lair:1   | Entered Level 1 of the Lair of Beasts
 10275 | Lair:1   | Reached XP level 10. HP: 61/62 MP: 0/0
 10357 | Lair:1   | Noticed a komodo dragon
 10372 | Lair:1   | Killed a komodo dragon
 10536 | Lair:1   | Noticed a rime drake
 10543 | Lair:1   | Killed a rime drake
 10544 | Lair:1   | Reached skill level 10 in Unarmed Combat
 11411 | Lair:2   | Noticed a komodo dragon
 11424 | Lair:2   | Killed a komodo dragon
 11425 | Lair:2   | Reached skill level 5 in Fighting
 11634 | Lair:2   | Noticed a rime drake
 11644 | Lair:2   | Killed a rime drake
 11645 | Lair:2   | Reached skill level 11 in Unarmed Combat
 11935 | Lair:2   | Noticed a seven-headed hydra
 11960 | Lair:2   | Killed a seven-headed hydra
 11961 | Lair:2   | Reached XP level 11. HP: 28/76 MP: 0/0
 11961 | Lair:2   | Learned a level 4 spell: Animate Armour
 12276 | Lair:2   | Noticed an eight-headed hydra
 12286 | Lair:2   | Killed an eight-headed hydra
 12642 | Lair:2   | Mangled by a komodo dragon

Illustrated notes

Levels and vault maps discovered:
D:1:      lemuel_arrival_lava_pool, layout_loops_ring,
          hellmonk_ecumenical_altar_zigzags
D:2:      layout_basic, minmay_gold_behind_fungi, uniq_robin
D:3:      layout_basic, uniq_ijyb
D:4:      cheibrodos_helix_gallery, layout_basic, serial_shops, shop,
          enter_ossuary_1, minmay_bent
D:5:      minmay_octagon_keep, layout_loops_ring, mainiacjoe_overflow_24_doors,
          serial_undead, serial_undead_d, serial_undead_e, serial_undead_a,
          serial_undead_e, uniq_menkaure
D:6:      layout_cave_pools, minmay_temple_entry_large_hall,
          guppyfry_early_elven_hall, uniq_maggie
D:7:      layout_loops_corners, grunt_temple_overflow_holy_war
D:8:      minmay_skewed_foursquare, layout_basic, lemuel_tele_altar, tgw_sif,
          nemelex_diamond_rough_becter
Temple:   hellmonk_temple_divided_pantheon
Lair:1:   layout_cave_shapes, lemuel_fruit_tree, infiniplex_staircase_pool_2,
          serial_bayou_shore_b
Lair:2:   layout_chaotic_city, palyth_hydra_swamp_entry, minivault_11,
          chequers_serial_rivers_small_3, lemuel_fruit_fields

Skill      XL: |  1  2  3  4  5  6  7  8  9 10 11 |
---------------+----------------------------------+-----
Spellcasting   | 2 3 4 5 7 8 |  8.1
Unarmed Combat | 5 6 7 9 11 | 11.7
Fighting       | 5 |  5.3
Dodging        | 3 4 |  4.9

Action                   |  1- 3 |  4- 6 |  7- 9 | 10-12 || total
-------------------------+-------+-------+-------+-------++-------
Melee: Unarmed           |    99 |    97 |   214 |    54 ||   464
       Headbutt          |    20 |       |     2 |       ||    22
       Punch             |     1 |       |       |       ||     1
 Cast: Beastly Appendage |    30 |     7 |     1 |       ||    38
       Wereblood         |     7 |     1 |     4 |     3 ||    15
       Spider Form       |     2 |     9 |     7 |       ||    18
       Searing Ray       |       |    10 |     2 |       ||    12
       Ice Form          |       |     1 |    20 |    13 ||    34
       Slow              |       |       |     1 |     1 ||     2
       Frozen Ramparts   |       |       |     8 |     8 ||    16
       Gell's Gravitas   |       |       |     1 |     3 ||     4
       Animate Armour    |       |       |       |     1 ||     1
Invok: Lunge             |       |       |     4 |     5 ||     9
  Use: Scroll            |     3 |     7 |     5 |     4 ||    19
       Potion            |     1 |     2 |     2 |     1 ||     6
Armor: Robe              |    11 |     1 |     5 |       ||    17
       Skin              |     2 |     6 |    44 |     9 ||    61
       Swamp dragon scal |       |       |       |     1 ||     1
Dodge: Dodged            |    49 |    70 |   128 |    17 ||   264
